 Dungeon Crawl Stone Soup version 0.29-a0-876-gfc89b1a5bd (webtiles) character file.

Game seed: 9720211255768338656

399 jimonade the Shield-Bearer (level 7, -3/55 HPs)
             Began as a Formicid Fighter on July 19, 2022.
             Was an Initiate of Okawaru.
             Slain by Duvessa
             ... wielding a +0 short sword
              (5 damage)
             ... on level 5 of the Dungeon.
             The game lasted 00:07:48 (5498 turns).

jimonade the Shield-Bearer (Formicid Fighter)       Turns: 5498, Time: 00:07:48

Health: -3/55      AC:  9    Str: 21    XL:     7   Next: 10%
Magic:  9/9        EV: 10    Int:  9    God:    Okawaru [......]
Gold:   242        SH:  5    Dex: 13    Spells: 9/9 levels left

rFire   . . .      SeeInvis +   a - +0 quarterstaff
rCold   . . .      Faith    .   c - +0 buckler
rNeg    . . .      Spirit   .   E - +2 ring mail {rPois}
rPois   +          Reflect  .   (helmet unavailable)
rElec   .          Harm     .   (no cloak)
rCorr   .          Rampage  .   (no gloves)
Will    .....                   D - +0 pair of boots
Stlth   +.........              (no amulet)
HPRegen 0.18/turn               (no ring)
MPRegen 0.11/turn               (no ring)

@: mighty
A: permanent stasis, dig shafts and tunnels, antennae 3, four strong arms
a: Dig, Shaft Self, Renounce Religion


You were on level 5 of the Dungeon.
You worshipped Okawaru.
Okawaru was noncommittal.
You visited 2 branches of the dungeon, and saw 6 of its levels.

You collected 242 gold pieces.

Inventory:

Hand Weapons
 a - a +0 quarterstaff (weapon)
 v - a +1 sling of freezing
Missiles
 g - 57 stones
 t - 10 poisoned darts (quivered)
 C - 4 boomerangs
Armour
 b - a +0 scale mail
 c - a +0 buckler (worn)
 s - a +0 ring mail
 D - a +0 pair of boots (worn)
 E - a +2 ring mail of poison resistance (worn)
Magical Staves
 r - a staff of death
 w - a staff of conjuration
 B - a staff of poison
Jewellery
 y - a ring of positive energy
Wands
 u - a wand of flame (33)
Scrolls
 e - a scroll of amnesia {unknown}
 h - 7 scrolls of fog {unknown}
 i - a scroll of fear {unknown}
 j - a scroll of summoning {unknown}
 k - 4 scrolls of identify {unknown}
 n - a scroll of noise {unknown}
 o - a scroll of teleportation {unknown}
 p - a scroll of enchant armour {unknown}
 x - a scroll of brand weapon {unknown}
Potions
 f - 3 potions of brilliance {unknown}
 l - 3 potions of curing {unknown}
 m - 2 potions of attraction {unknown}
 q - a potion of berserk rage {unknown}
 z - 2 potions of mutation {unknown}
 A - a potion of lignification {unknown}


   Skills:
 + Level 4.6 Fighting
 + Level 4.6 Staves
 + Level 4.4 Armour
 + Level 1.0 Dodging
 + Level 4.7 Shields
 * Level 1.8 Spellcasting
 + Level 0.1 Evocations


You had 9 spell levels left.
You didn't know any spells.
Your spell library contained the following spells:

 Spells                   Type           Power      Damage    Failure   Level
 Ensorcelled Hibernation  Hex/Ice        0%         N/A       69%         2
 Passwall                 Tmut/Erth      0%         N/A       69%         2
 Sublimation of Blood     Necr           0%         N/A       69%         2
 Wereblood                Tmut           0%         N/A       69%         2
 Passage of Golubria      Tloc           0%         N/A       100%        4
 Manifold Assault         Tloc           0%         N/A       100%        5
 Yara's Violent Unravell  Hex/Tmut       0%         3d3       100%        5
 Storm Form               Tmut/Air       0%         N/A       100%        7
 Blink                    Tloc           Unusable   N/A       N/A         2
 Swiftness                Air            Unusable   N/A       N/A         3
 Tukima's Dance           Hex            Unusable   N/A       N/A         3
 Summon Hydra             Summ           Unusable   N/A       N/A         7

Dungeon Overview and Level Annotations

Branches:
Dungeon (5/15)             Temple (1/1) D:4

Altars:
Dithmenos
Elyvilon
Fedhas
Makhleb
Nemelex Xobeh
Okawaru
Qazlal
Ru
Trog
Vehumet
Wu Jian
Yredelemnul
Zin
The Shining One

Annotations:
D:5 Dowan, Duvessa


Innate Abilities, Weirdness & Mutations

You cannot be hasted, slowed, berserked, paralysed or teleported.
You can dig through walls and to a lower floor.
You have a pair of large antennae on your head. (SInv)
Your four strong arms can wield two-handed weapons with a shield.


Message History

Dowan moves out of view.
Duvessa, Sister of Dowan comes into view.
She is wielding a +0 short sword.
Duvessa moves out of view.
Duvessa hits you with a +0 short sword!
Dowan mumbles some strange words.
Dowan blinks!
You sock Duvessa!
Duvessa is moderately wounded.
Duvessa hits you with a +0 short sword.
You closely miss Duvessa.
Duvessa is moderately wounded.
Duvessa hits you with a +0 short sword.
You hit Duvessa.
Duvessa is moderately wounded.
Duvessa hits you with a +0 short sword.
You barely miss Duvessa.
Duvessa is moderately wounded.
Duvessa barely misses you.
Dowan zaps a wand.
The roots erupt in riotous growth!
Duvessa is unaffected.
The grasping roots grab you! The grasping roots constrict you!
Duvessa hits you with a +0 short sword!
You sock Duvessa!
Duvessa is severely wounded.
The grasping roots constrict you.
* * * LOW HITPOINT WARNING * * *
You barely miss Duvessa.
Duvessa is severely wounded.
Dowan gestures wildly while chanting.
Dowan blinks!
The grasping roots constrict you.
* * * LOW HITPOINT WARNING * * *
Duvessa hits you with a +0 short sword.
* * * LOW HITPOINT WARNING * * *
The grasping roots release their grip on you.
You completely miss Duvessa.
Duvessa is severely wounded.
Duvessa hits you with a +0 short sword.
* * * LOW HITPOINT WARNING * * *
You feel very mighty all of a sudden. You block Dowan's attack.
Duvessa hits you with a +0 short sword.
You die...

####### #.....#
#.###†### #.#
#...#############
#.###.........†......
#..e@...#############
###e##### # #§# # #.#
######### # #.#
#.......# # #.#
#.......# ## #.#
#.......####. ##.#
#.........#.# #..#
#...<...#...†


You could see Duvessa and Dowan.

Vanquished Creatures
  A black bear (D:4)
  A necrophage (D:5)
  A jelly (D:4)
  A hound (D:5)
  An orc priest (D:4)
  6 adders
  2 worms
  A dart slug (D:1)
  13 orcs
  3 bats
  9 endoplasms
  4 giant cockroaches
  5 goblins
  6 hobgoblins
  2 jackals (D:2)
  4 quokkas
  9 ball pythons
  9 frilled lizards
  8 kobolds
  4 rats
90 creatures vanquished.

Notes
Turn   | Place    | Note
-------+----------+-------------------------------------------
     0 | D:1      | jimonade the Formicid Fighter began the quest for the Orb.
     0 | D:1      | Reached XP level 1. HP: 18/18 MP: 1/1
   275 | D:1      | Found a faded altar of an unknown god.
   458 | D:1      | Reached XP level 2. HP: 24/24 MP: 2/2
  1323 | D:2      | Reached XP level 3. HP: 28/29 MP: 3/3
  1645 | D:2      | Reached XP level 4. HP: 16/37 MP: 4/4
  2003 | D:2      | Found a blossoming altar of Fedhas.
  2976 | D:3      | Found a sparkling altar of Nemelex Xobeh.
  3042 | D:3      | Found a radiant altar of Vehumet.
  3462 | D:3      | Reached XP level 5. HP: 40/42 MP: 5/5
  3708 | D:4      | Noticed a black bear
  3721 | D:4      | Killed a black bear
  3722 | D:4      | Reached XP level 6. HP: 37/48 MP: 5/7
  3886 | D:4      | Reached skill level 1 in Dodging
  3886 | D:4      | Reached skill level 1 in Spellcasting
  4177 | D:4      | Found a basalt altar of Yredelemnul.
  4752 | D:4      | Found a staircase to the Ecumenical Temple.
  4806 | Temple   | Entered the Ecumenical Temple
  4904 | Temple   | Became a worshipper of Warmaster Okawaru
  5263 | D:5      | Entered Level 5 of the Dungeon
  5375 | D:5      | Reached XP level 7. HP: 45/55 MP: 9/9
  5472 | D:5      | Noticed Dowan
  5473 | D:5      | Noticed Duvessa
  5497 | D:5      | HP: 2/55 [Duvessa/+0 short sword (4)]
  5498 | D:5      | Slain by Duvessa

Illustrated notes

Levels and vault maps discovered:
D:1:      dpeg_arrival_oval, layout_basic, chequers_ecumenical_altar_simple
D:2:      layout_basic, basic_altar, minmay_lizard_pond
D:3:      layout_basic, nemelex_dance_club_becter, vehumet_altar_wand_db,
          reono_crystal_passage
D:4:      layout_basic, kennysheep_mini_moat, temple_green, serial_corexii_hall,
          corexii_hall_statues_t, chequers_hall_statues_wall_a,
          kennysheep_small_spiral
D:5:      layout_loops_cross, slow_altar_2, nicolae_hepliaklqana_hazy_memory,
          serial_shops, kennysheep_mini, uniq_duvessa, uniq_grinder
Temple:   eino_wide_crystal_templ

Skill      XL: |  1  2  3  4  5  6 |
---------------+-------------------+-----
Staves         | 3 4 |  4.6
Fighting       | 4 |  4.6
Armour         | 4 |  4.4
Dodging        | 1 |  1.0
Spellcasting   | 1 |  1.8
Shields        | |  4.7
Evocations     | |  0.1

Action                   |  1- 3 |  4- 6 |  7- 9 || total
-------------------------+-------+-------+-------++-------
Melee: Quarterstaff      |    78 |   203 |    10 ||   291
Evoke: Wand              |       |     2 |       ||     2
  Use: Potion            |       |       |     1 ||     1
Armor: Scale mail        |    38 |    78 |       ||   116
       Ring mail         |       |     3 |     1 ||     4
Dodge: Dodged            |    42 |    83 |     2 ||   127
Block: Buckler           |    18 |    39 |     2 ||    59

Table legend: (Time is in decaauts)
 A = Elapsed time spent in this place.
 B = Non-inter-level travel time spent in this place.
 C = Inter-level travel time spent in this place.
 D = Time resting spent in this place.
 E = Time spent auto-exploring this place.
 F = Levels seen in this place.
 G = Mean time per level.
                   A        B        C        D        E       F      G
               +--------+--------+--------+--------+--------+-----+--------+
         Total |   5546 |   5146 |    400 |      0 |   4229 |   6 |  924.3 |
       Dungeon |   5425 |   5066 |    359 |      0 |   4158 |   5 | 1085.0 |
        Temple |    120 |     79 |     41 |      0 |     71 |   1 |  120.0 |
               +--------+--------+--------+--------+--------+-----+--------+

Top non-repeatable levels by time:
     D:4: 1482 daAuts
     D:1: 1297 daAuts
     D:2: 1274 daAuts
     D:3: 1132 daAuts
     D:5: 239 daAuts
  Temple: 120 daAuts
